Portland Pirates vs Lowell Devils

Created - 23 février 2018 at 19:31

Goals
1 2 3 T
Portland Pirates 2 1 1 4
Lowell Devils 2 2 1 5
Shots
1 2 3 T
Portland Pirates 13 13 4 30
Lowell Devils 20 9 3 32

1st period

1. Portland Pirates , John Quenneville 30 (Ryan Carpenter 45, Greg Carey 40) at 4:10 (PP)
2. Lowell Devils , Daniel O'Regan 26 (Gavin Bayreuther 12, Chris Conner 22) at 10:03
3. Lowell Devils , Jack Dougherty 6 (Austin Czarnik 52, Daniel O'Regan 26) at 12:45 (PP)
4. Portland Pirates , Ryan Carpenter 26 (John Quenneville 42, Greg Carey 41) at 17:59 (PP)

Penalties :
MacKenzie Weegar (DEV) for Hooking (Minor) at 3:58, Joakim Ryan (PIR) for Slashing (Minor) at 12:32, MacKenzie Weegar (DEV) for Hooking (Minor) at 17:30

2nd period

5. Lowell Devils , Brendan Ranford 14 (Andrew Poturalski 20, Nick Baptiste 23) at 16:20
6. Lowell Devils , Andrew Mangiapane 20 (Jack Dougherty 10, Trevor Smith 36) at 16:57
7. Portland Pirates , Joakim Ryan 7 (Justin Falk 22, John Quenneville 43) at 17:05

Penalties :
Justin Falk (PIR) for Roughing (Minor) at 19:57

3rd period

8. Portland Pirates , Ryan Carpenter 27 (John Quenneville 44) at 6:24
9. Lowell Devils , Nick Baptiste 20 (Andrew Poturalski 21) at 14:58

Penalties :
A.J. Greer (DEV) for Tripping (Minor) at 11:46, MacKenzie Weegar (DEV) for Delaying the game (Minor) at 15:10

Goalie Stats

Pheonix Copley (PIR), 27 saves from 32 shots - (0,844), L, 12-4-2, 59:34 minutes
Reto Berra (DEV), 26 saves from 30 shots - (0,867), W, 22-12-7, 60:00 minutes

Players Stats for Portland Pirates

Player Name              G  A  P  +/- PIM S  H  SB GA TA FO     MP     PP MP  PK MP  
------------------------------------------------------------------------------------
Blake Pietila            0  0  0  -2  0   0  0  0  0  0  1/1    17:11   1:43   0:44 
Cole Bardreau            0  0  0  -1  0   1  0  0  0  0  0/0     7:20   0:00   0:00 
David Warsofsky          0  0  0  -3  0   1  2  0  0  1  0/0    13:54   0:00   0:05 
Greg Carey               0  2  2   2  0   2  1  1  0  0  19/40  22:27   2:48   1:13 
Jack Roslovic            0  0  0  -2  0   3  0  0  1  0  4/8    16:27   1:43   0:00 
Jake Virtanen            0  0  0  -1  0   2  3  2  0  0  0/1    13:09   0:00   0:32 
Joakim Ryan              1  0  1   2  2   4  2  3  1  2  0/0    27:56   2:49   1:20 
John Quenneville         1  3  4   2  0   6  2  0  0  0  1/5    22:22   2:50   1:11 
Justin Bailey            0  0  0  -2  0   1  0  0  0  1  0/0    16:27   1:43   0:00 
Justin Falk              0  1  1   2  2   2  3  2  1  0  0/0    27:35   2:49   0:13 
Kyle Baun                0  0  0  -1  0   0  2  0  1  0  0/0    12:47   0:08   0:00 
Kyle Wood                0  0  0  -1  0   0  1  3  0  1  0/0    18:13   1:50   1:01 
Mike Amadio              0  0  0  -1  0   3  5  0  0  0  4/7    13:02   0:14   0:02 
Oliver Kylington         0  0  0  -3  0   0  0  0  0  1  0/0    14:39   0:00   1:11 
Radel Fazleev            0  0  0  -1  0   0  0  0  0  0  0/0     7:35   0:00   0:15 
Ryan Carpenter           2  1  3   2  0   5  0  0  0  1  2/4    21:34   2:48   0:27 
Vaclav Karabacek         0  0  0  -1  0   0  0  1  0  0  0/0     7:20   0:00   0:00 
Ville Pokka              0  0  0  -1  0   0  2  0  0  1  0/0    17:48   1:50   0:34 

Players Stats for Lowell Devils

Player Name              G  A  P  +/- PIM S  H  SB GA TA FO     MP     PP MP  PK MP  
------------------------------------------------------------------------------------
A.J. Greer               0  0  0   1  2   2  0  0  1  1  1/1    14:11   1:02   0:00 
Andrew Mangiapane        1  0  1   1  0   4  1  1  1  0  0/0    14:07   1:02   0:00 
Andrew Poturalski        0  2  2   2  0   3  0  1  2  0  5/8    14:05   0:00   0:00 
Andrew Welinski          0  0  0  -1  0   0  4  0  0  0  0/0    21:17   1:04   2:08 
Austin Czarnik           0  1  1  -1  0   8  3  1  1  0  19/39  21:43   1:10   2:57 
Brendan Ranford          1  0  1   2  0   3  2  1  0  0  0/1    14:14   0:00   0:19 
Chris Conner             0  1  1  -1  0   1  1  1  1  0  6/8    20:56   1:10   2:57 
Daniel O'Regan           1  1  2  -1  0   1  4  0  0  0  0/1    20:23   1:10   1:23 
Gavin Bayreuther         0  1  1   2  0   0  2  0  0  0  0/0    15:57   0:00   1:55 
Jack Dougherty           1  1  2   1  0   2  1  2  0  0  0/0    24:41   1:08   2:31 
MacKenzie Weegar         0  0  0   1  6   2  1  2  0  3  0/0    22:18   1:08   0:26 
Nick Baptiste            1  1  2   2  0   3  1  0  1  0  1/1    13:49   0:00   0:19 
Nolan Zajac              0  0  0   2  0   1  0  0  0  0  0/0    14:02   0:00   0:00 
Roland McKeown           0  0  0  -1  0   1  2  0  0  0  0/0    22:03   1:04   2:18 
Sam Anas                 0  0  0   0  0   0  1  0  0  0  0/0     8:44   0:00   0:00 
Trevor Moore             0  0  0   0  0   1  1  0  0  0  0/0     8:44   0:00   0:00 
Trevor Smith             0  1  1   1  0   0  1  0  1  0  3/7    15:19   1:02   1:23 
Tyler Gaudet             0  0  0   0  0   0  3  0  0  0  0/0     8:44   0:00   0:00 

3 Stars

1 - John Quenneville (PIR)
2 - Ryan Carpenter (PIR)
3 - Nick Baptiste (DEV)

Power Play

Portland Pirates - 2 on 4 Attempt(s) - 50,00%
Lowell Devils - 1 on 2 Attempt(s) - 50,00%

Penalty Kill

Portland Pirates - 1 on 2 Attempt(s) - 50,00% - Score 0 goal in Penalty Kill
Lowell Devils - 2 on 4 Attempt(s) - 50,00% - Score 0 goal in Penalty Kill

Team Stat

Portland Pirates - Hits : 23 - Faceoff Wins : 31 - Blocked Shots : 12 - Penalty Minutes : 4
Lowell Devils - Hits : 28 - Faceoff Wins : 35 - Blocked Shots : 9 - Penalty Minutes : 8

Official

Referees : Gord Dwyer and Eric Furlatt
Linesman : Scott Driscoll and Matt MacPherson

Game Notes

No Game Note

Finance

Level 1 -- Attendance: 1574 (78,70%) -- Ticket Income 55 090 $
Level 2 -- Attendance: 720 (72,00%) -- Ticket Income 10 800 $
Total Attendance: 2294 (76,47%)
Total Ticket Income: 65 890 $
Other Income: 32 286 $
Total Income: 98 176 $

Portland Pirates

5 vs 5 Forward 
   Center                   Left Wing                Right Wing               Time % Phy DF OF 
 1 Greg Carey               John Quenneville         Ryan Carpenter           40     1   2  2  
 2 Jack Roslovic            Blake Pietila            Justin Bailey            30     1   2  2  
 3 Mike Amadio              Jake Virtanen            Kyle Baun                20     1   2  2  
 4 Cole Bardreau            Radel Fazleev            Vaclav Karabacek         10     1   2  2  

5 vs 5 Defense 
   Defense                  Defense                                           Time % Phy DF OF 
 1 Joakim Ryan              Justin Falk                                       40     1   2  2  
 2 Kyle Wood                Ville Pokka                                       30     1   2  2  
 3 David Warsofsky          Oliver Kylington                                  20     1   2  2  
 4 Joakim Ryan              Justin Falk                                       10     1   2  2  

PowerPlay Forward 
   Center                   Left Wing                Right Wing               Time % Phy DF OF 
 1 Greg Carey               John Quenneville         Ryan Carpenter           60     1   2  2  
 2 Jack Roslovic            Blake Pietila            Justin Bailey            40     1   2  2  

PowerPlay Defense
   Defense                  Defense                                           Time % Phy DF OF 
 1 Joakim Ryan              Justin Falk                                       60     1   2  2  
 2 Kyle Wood                Ville Pokka                                       40     1   2  2  

Penalty Kill 4 Players Forward 
   Center                   Wing                     Time % Phy DF OF 
 1 John Quenneville         Greg Carey               60     1   2  2  
 2 Ryan Carpenter           Blake Pietila            40     1   2  2  

Penalty Kill 4 Players Defense
   Defense                  Defense                  Time % Phy DF OF 
 1 Joakim Ryan              Justin Falk              60     1   2  2  
 2 Kyle Wood                Ville Pokka              40     1   2  2  

Penalty Kill - 3 Players Forward 
   Forward                                           Time % Phy DF OF 
 1 John Quenneville                                  60     1   2  2  
 2 Greg Carey                                        40     1   2  2  

Penalty Kill - 3 Players Defense
   Defense                  Defense                  Time % Phy DF OF 
 1 Joakim Ryan              Justin Falk              60     1   2  2  
 2 Kyle Wood                Ville Pokka              40     1   2  2  

4 vs 4 Forward 
   Center                   Wing                     Time % Phy DF OF 
 1 John Quenneville         Greg Carey               60     1   2  2  
 2 Ryan Carpenter           Blake Pietila            40     1   2  2  

4 vs 4 Defense
   Defense                  Defense                  Time % Phy DF OF 
 1 Joakim Ryan              Justin Falk              60     1   2  2  
 2 Kyle Wood                Ville Pokka              40     1   2  2  

Last Minutes Offensive
   Center                   Left Wing                Right Wing               Defense                  Defense                  
   Greg Carey               John Quenneville         Ryan Carpenter           Joakim Ryan              Justin Falk              

Last Minutes Defensive
   Center                   Left Wing                Right Wing               Defense                  Defense                  
   Greg Carey               John Quenneville         Ryan Carpenter           Joakim Ryan              Justin Falk              

Goaltenders
Starting : Pheonix Copley           
Backup : Michael Hutchinson       

Extra Forwards
Normal : Mike Amadio, Kyle Baun, Jake Virtanen - PP : Mike Amadio, Kyle Baun - PK : Jake Virtanen
Extra Defensemen
Normal : David Warsofsky, Oliver Kylington, Kyle Wood - PP : David Warsofsky - PK : Oliver Kylington, Kyle Wood
Penalty Shots
John Quenneville, Greg Carey, Ryan Carpenter, Blake Pietila, Jack Roslovic

Scratches
Ben Thomas (Healthy), Brian Cooper (Healthy), Steve Michalek (Healthy)

Lowell Devils

5 vs 5 Forward 
   Center                   Left Wing                Right Wing               Time % Phy DF OF 
 1 Austin Czarnik           Chris Conner             Daniel O'Regan           40     0   1  4  
 2 Trevor Smith             A.J. Greer               Andrew Mangiapane        30     0   1  4  
 3 Andrew Poturalski        Brendan Ranford          Nick Baptiste            20     0   1  4  
 4 Trevor Moore             Tyler Gaudet             Sam Anas                 10     1   2  2  

5 vs 5 Defense 
   Defense                  Defense                                           Time % Phy DF OF 
 1 MacKenzie Weegar         Jack Dougherty                                    40     1   2  2  
 2 Roland McKeown           Andrew Welinski                                   36     1   2  2  
 3 Nolan Zajac              Gavin Bayreuther                                  21     1   2  2  
 4 MacKenzie Weegar         Jack Dougherty                                    3      1   2  2  

PowerPlay Forward 
   Center                   Left Wing                Right Wing               Time % Phy DF OF 
 1 Austin Czarnik           Chris Conner             Daniel O'Regan           60     0   0  5  
 2 Trevor Smith             A.J. Greer               Andrew Mangiapane        40     0   0  5  

PowerPlay Defense
   Defense                  Defense                                           Time % Phy DF OF 
 1 MacKenzie Weegar         Jack Dougherty                                    50     0   1  4  
 2 Roland McKeown           Andrew Welinski                                   50     0   1  4  

Penalty Kill 4 Players Forward 
   Center                   Wing                     Time % Phy DF OF 
 1 Chris Conner             Austin Czarnik           60     1   4  0  
 2 Daniel O'Regan           Trevor Smith             40     1   4  0  

Penalty Kill 4 Players Defense
   Defense                  Defense                  Time % Phy DF OF 
 1 MacKenzie Weegar         Jack Dougherty           60     1   4  0  
 2 Roland McKeown           Andrew Welinski          40     1   4  0  

Penalty Kill - 3 Players Forward 
   Forward                                           Time % Phy DF OF 
 1 Chris Conner                                      60     1   4  0  
 2 Austin Czarnik                                    40     1   4  0  

Penalty Kill - 3 Players Defense
   Defense                  Defense                  Time % Phy DF OF 
 1 MacKenzie Weegar         Jack Dougherty           60     1   4  0  
 2 Roland McKeown           Andrew Welinski          40     1   4  0  

4 vs 4 Forward 
   Center                   Wing                     Time % Phy DF OF 
 1 Chris Conner             Austin Czarnik           60     0   2  3  
 2 Daniel O'Regan           Trevor Smith             40     0   2  3  

4 vs 4 Defense
   Defense                  Defense                  Time % Phy DF OF 
 1 MacKenzie Weegar         Jack Dougherty           60     0   3  2  
 2 Roland McKeown           Andrew Welinski          40     0   3  2  

Last Minutes Offensive
   Center                   Left Wing                Right Wing               Defense                  Defense                  
   Austin Czarnik           Chris Conner             Daniel O'Regan           MacKenzie Weegar         Jack Dougherty           

Last Minutes Defensive
   Center                   Left Wing                Right Wing               Defense                  Defense                  
   Austin Czarnik           Chris Conner             Daniel O'Regan           MacKenzie Weegar         Jack Dougherty           

Goaltenders
Starting : Reto Berra               
Backup : Charlie Lindgren         

Extra Forwards
Normal : Brendan Ranford, Andrew Poturalski, Nick Baptiste - PP : Brendan Ranford, Andrew Poturalski - PK : Nick Baptiste
Extra Defensemen
Normal : Nolan Zajac, Gavin Bayreuther, Roland McKeown - PP : Nolan Zajac - PK : Gavin Bayreuther, Roland McKeown
Penalty Shots
Chris Conner, Austin Czarnik, Daniel O'Regan, Trevor Smith, A.J. Greer

Scratches
Dan Renouf (Healthy), Conor Garland (Healthy), Vojtech Mozik (Healthy), Trevor Murphy (Healthy), Gerald Mayhew (Healthy)

% Time on Ice - Portland Pirates

Lines # - Real PCT - Wanted PCT - Time Play
Normal Forward
1 - 33% - 40% - 17:26
2 - 28% - 30% - 14:44
3 - 24% - 20% - 12:37
4 - 14% - 10% - 7:20
Normal Defense
1 - 39% - 40% - 20:10
2 - 30% - 30% - 15:24
3 - 25% - 20% - 13:11
4 - 6% - 10% - 3:22
PP Forward
1 - 63% - 60% - 2:56
2 - 37% - 40% - 1:43
PP Defense
1 - 61% - 60% - 2:49
2 - 39% - 40% - 1:50
PK Forward
1 - 80% - 60% - 1:45
2 - 20% - 40% - 0:27
PK Defense
1 - 74% - 60% - 1:38
2 - 26% - 40% - 0:34
PK3 Forward
1 - 0% - 60%
2 - 0% - 40%
PK3 Defense
1 - 0% - 60%
2 - 0% - 40%
44 Forward
1 - 0% - 60%
2 - 0% - 40%
44 Defense
1 - 0% - 60%
2 - 0% - 40%
Last Minute Offensive  - 1:02
Last Minute Defensive  - 0:00
Total
Forward - 60:00
Defense - 60:00

% Time on Ice - Lowell Devils

Lines # - Real PCT - Wanted PCT - Time Play
Normal Forward
1 - 33% - 40% - 17:01
2 - 25% - 30% - 13:05
3 - 25% - 20% - 13:04
4 - 17% - 10% - 8:44
Normal Defense
1 - 38% - 40% - 19:31
2 - 33% - 36% - 17:21
3 - 27% - 21% - 14:02
4 - 2% - 3% - 1:00
PP Forward
1 - 53% - 60% - 1:10
2 - 47% - 40% - 1:02
PP Defense
1 - 52% - 50% - 1:08
2 - 48% - 50% - 1:04
PK Forward
1 - 70% - 60% - 3:16
2 - 30% - 40% - 1:23
PK Defense
1 - 54% - 60% - 2:31
2 - 46% - 40% - 2:08
PK3 Forward
1 - 0% - 60%
2 - 0% - 40%
PK3 Defense
1 - 0% - 60%
2 - 0% - 40%
44 Forward
1 - 0% - 60%
2 - 0% - 40%
44 Defense
1 - 0% - 60%
2 - 0% - 40%
Last Minute Offensive  - 0:00
Last Minute Defensive  - 1:15
Total
Forward - 60:00
Defense - 60:00

Play by Play

1st period


0:01 of 1st period - Greg Carey wins face-off versus Austin Czarnik in neutral zone.
0:08 of 1st period - Wrist shot by John Quenneville.
0:08 of 1st period - Shot Misses the Net.
0:26 of 1st period - Joakim Ryan is hit by Trevor Smith and loses puck.
0:39 of 1st period - Justin Falk is hit by Roland McKeown and loses puck.
2:39 of 1st period - Snap shot by Blake Pietila.
2:39 of 1st period - Shot Misses the Net.
3:13 of 1st period - Wrist shot by Jack Roslovic.
3:13 of 1st period - Stopped by Reto Berra with a rebound.
3:15 of 1st period - Snap shot by Jack Roslovic.
3:15 of 1st period - Stopped by Reto Berra without a rebound.
3:16 of 1st period - Austin Czarnik wins face-off versus Greg Carey in Lowell Devils zone.
3:58 of 1st period - Minor Penalty to MacKenzie Weegar for Hooking.
3:59 of 1st period - Greg Carey wins face-off versus Chris Conner in Lowell Devils zone.
4:10 of 1st period - Snap shot by John Quenneville.
4:10 of 1st period - Goal by John Quenneville - Portland Pirates : 1 - Lowell Devils : 0.
4:11 of 1st period - Austin Czarnik wins face-off versus Greg Carey in neutral zone.
4:36 of 1st period - Nick Baptiste is hit by Jake Virtanen and loses puck.
4:45 of 1st period - Wrist shot by Kyle Baun.
4:45 of 1st period - Shot Misses the Net.
6:04 of 1st period - Slapshot by Austin Czarnik.
6:04 of 1st period - Shot Blocked by Vaclav Karabacek.
6:14 of 1st period - Icing by Roland McKeown.
6:15 of 1st period - Austin Czarnik wins face-off versus Ryan Carpenter in Lowell Devils zone.
6:37 of 1st period - Icing by Chris Conner.
6:38 of 1st period - Austin Czarnik wins face-off versus Mike Amadio in Lowell Devils zone.
7:35 of 1st period - Snap shot by Trevor Moore.
7:35 of 1st period - Stopped by Pheonix Copley with a rebound.
7:37 of 1st period - Snap shot by Sam Anas.
7:37 of 1st period - Shot Misses the Net.
7:47 of 1st period - Wrist shot by Brendan Ranford.
7:47 of 1st period - Shot Misses the Net.
8:33 of 1st period - Vaclav Karabacek is hit by Trevor Moore and loses puck.
9:10 of 1st period - Snap shot by Jack Roslovic.
9:10 of 1st period - Shot Misses the Net.
9:22 of 1st period - Andrew Welinski is hit by Mike Amadio and loses puck.
9:57 of 1st period - Wrist shot by Chris Conner.
9:57 of 1st period - Stopped by Pheonix Copley with a rebound.
9:59 of 1st period - Slapshot by Chris Conner.
9:59 of 1st period - Shot Misses the Net.
10:01 of 1st period - Slapshot by Gavin Bayreuther.
10:01 of 1st period - Shot Misses the Net.
10:03 of 1st period - Slapshot by Daniel O'Regan.
10:03 of 1st period - Goal by Daniel O'Regan - Portland Pirates : 1 - Lowell Devils : 1.
10:04 of 1st period - Greg Carey wins face-off versus Austin Czarnik in neutral zone.
10:43 of 1st period - Wrist shot by Austin Czarnik.
10:43 of 1st period - Stopped by Pheonix Copley with a rebound.
10:45 of 1st period - Backhand shot by MacKenzie Weegar.
10:45 of 1st period - Shot Blocked by Kyle Wood.
10:47 of 1st period - Slapshot by Daniel O'Regan.
10:47 of 1st period - Shot Blocked by Kyle Wood.
10:49 of 1st period - Backhand shot by Austin Czarnik.
10:49 of 1st period - Shot Misses the Net.
10:59 of 1st period - Wrist shot by Austin Czarnik.
10:59 of 1st period - Stopped by Pheonix Copley without a rebound.
11:00 of 1st period - Trevor Smith wins face-off versus Greg Carey in Portland Pirates zone.
11:05 of 1st period - Wrist shot by Andrew Mangiapane.
11:05 of 1st period - Stopped by Pheonix Copley with a rebound.
11:07 of 1st period - Slapshot by Gavin Bayreuther.
11:07 of 1st period - Deflect By Trevor Smith.
11:07 of 1st period - Shot Blocked by Joakim Ryan.
11:07 of 1st period - Puck is out of play.
11:08 of 1st period - Greg Carey wins face-off versus Trevor Smith in Portland Pirates zone.
11:35 of 1st period - Slapshot by John Quenneville.
11:35 of 1st period - Stopped by Reto Berra without a rebound.
11:36 of 1st period - Mike Amadio wins face-off versus Brendan Ranford in Lowell Devils zone.
11:39 of 1st period - Snap shot by Mike Amadio.
11:39 of 1st period - Stopped by Reto Berra without a rebound.
11:40 of 1st period - Andrew Poturalski wins face-off versus Mike Amadio in Lowell Devils zone.
11:49 of 1st period - Wrist shot by Andrew Poturalski.
11:49 of 1st period - Stopped by Pheonix Copley with a rebound.
12:15 of 1st period - Snap shot by Austin Czarnik.
12:15 of 1st period - Stopped by Pheonix Copley without a rebound.
12:16 of 1st period - A.J. Greer wins face-off versus Mike Amadio in Portland Pirates zone.
12:32 of 1st period - Minor Penalty to Joakim Ryan for Slashing.
12:33 of 1st period - Austin Czarnik wins face-off versus John Quenneville in Portland Pirates zone.
12:39 of 1st period - Slapshot by Austin Czarnik.
12:39 of 1st period - Shot Misses the Net.
12:41 of 1st period - Snap shot by Austin Czarnik.
12:41 of 1st period - Shot Misses the Net.
12:43 of 1st period - Slapshot by Austin Czarnik.
12:43 of 1st period - Stopped by Pheonix Copley with a rebound.
12:45 of 1st period - Slapshot by Jack Dougherty.
12:45 of 1st period - Goal by Jack Dougherty - Portland Pirates : 1 - Lowell Devils : 2.
12:46 of 1st period - Chris Conner wins face-off versus Greg Carey in neutral zone.
13:22 of 1st period - Wrist shot by Trevor Smith.
13:22 of 1st period - Deflect By A.J. Greer.
13:22 of 1st period - Stopped by Pheonix Copley without a rebound.
13:23 of 1st period - Andrew Poturalski wins face-off versus Jack Roslovic in Portland Pirates zone.
13:26 of 1st period - Wrist shot by Nick Baptiste.
13:26 of 1st period - Deflect By Andrew Poturalski.
13:26 of 1st period - Shot Misses the Net.
13:26 of 1st period - Puck is out of play.
13:27 of 1st period - Blake Pietila wins face-off versus Andrew Poturalski in Portland Pirates zone.
13:58 of 1st period - David Warsofsky is hit by Gavin Bayreuther and loses puck.
14:20 of 1st period - Off-side.
14:21 of 1st period - Mike Amadio wins face-off versus Trevor Smith in neutral zone.
14:30 of 1st period - Slapshot by Mike Amadio.
14:30 of 1st period - Shot Misses the Net.
14:54 of 1st period - Snap shot by Austin Czarnik.
14:54 of 1st period - Shot Misses the Net.
14:56 of 1st period - Snap shot by MacKenzie Weegar.
14:56 of 1st period - Deflect By Joakim Ryan.
14:56 of 1st period - Stopped by Pheonix Copley with a rebound.
14:58 of 1st period - Wrist shot by Austin Czarnik.
14:58 of 1st period - Shot Blocked by Greg Carey.
15:00 of 1st period - Snap shot by Jack Dougherty.
15:00 of 1st period - Stopped by Pheonix Copley with a rebound.
15:10 of 1st period - Slapshot by Nick Baptiste.
15:10 of 1st period - Stopped by Pheonix Copley with a rebound.
15:12 of 1st period - Slapshot by Brendan Ranford.
15:12 of 1st period - Stopped by Pheonix Copley without a rebound.
15:13 of 1st period - Jack Roslovic wins face-off versus Andrew Poturalski in Portland Pirates zone.
15:13 of 1st period - Jack Roslovic is hit by Brendan Ranford.
15:27 of 1st period - Slapshot by Blake Pietila.
15:27 of 1st period - Shot Misses the Net.
15:50 of 1st period - Off-side.
15:51 of 1st period - Austin Czarnik wins face-off versus Greg Carey in neutral zone.
16:31 of 1st period - Jack Dougherty is hit by Kyle Baun and loses puck.
16:44 of 1st period - Wrist shot by Vaclav Karabacek.
16:44 of 1st period - Deflect By Cole Bardreau.
16:44 of 1st period - Stopped by Reto Berra with a rebound.
16:48 of 1st period - Snap shot by David Warsofsky.
16:48 of 1st period - Stopped by Reto Berra with a rebound.
16:50 of 1st period - Slapshot by Oliver Kylington.
16:50 of 1st period - Deflect By Vaclav Karabacek.
16:50 of 1st period - Shot Misses the Net.
16:50 of 1st period - Puck is out of play.
16:51 of 1st period - Greg Carey wins face-off versus Austin Czarnik in Lowell Devils zone.
16:58 of 1st period - Wrist shot by Ryan Carpenter.
16:58 of 1st period - Deflect By John Quenneville.
16:58 of 1st period - Shot Misses the Net.
16:58 of 1st period - Puck is out of play.
16:59 of 1st period - Austin Czarnik wins face-off versus John Quenneville in Lowell Devils zone.
16:59 of 1st period - Austin Czarnik is hit by John Quenneville.
17:13 of 1st period - Slapshot by Austin Czarnik.
17:13 of 1st period - Stopped by Pheonix Copley without a rebound.
17:14 of 1st period - Trevor Smith wins face-off versus Greg Carey in Portland Pirates zone.
17:23 of 1st period - Snap shot by Ryan Carpenter.
17:23 of 1st period - Shot Blocked by Andrew Mangiapane.
17:25 of 1st period - Slapshot by Joakim Ryan.
17:25 of 1st period - Stopped by Reto Berra with a rebound.
17:27 of 1st period - Wrist shot by John Quenneville.
17:27 of 1st period - Stopped by Reto Berra without a rebound.
17:28 of 1st period - Austin Czarnik wins face-off versus Greg Carey in Lowell Devils zone.
17:30 of 1st period - Minor Penalty to MacKenzie Weegar for Hooking.
17:31 of 1st period - Greg Carey wins face-off versus Chris Conner in Lowell Devils zone.
17:33 of 1st period - Slapshot by Ryan Carpenter.
17:33 of 1st period - Stopped by Reto Berra with a rebound.
17:35 of 1st period - Wrist shot by John Quenneville.
17:35 of 1st period - Shot Misses the Net.
17:37 of 1st period - Slapshot by Joakim Ryan.
17:37 of 1st period - Shot Misses the Net.
17:39 of 1st period - Slapshot by John Quenneville.
17:39 of 1st period - Stopped by Reto Berra without a rebound.
17:40 of 1st period - Chris Conner wins face-off versus Greg Carey in Lowell Devils zone.
17:57 of 1st period - Wrist shot by John Quenneville.
17:57 of 1st period - Shot Misses the Net.
17:59 of 1st period - Wrist shot by Ryan Carpenter.
17:59 of 1st period - Deflect By Austin Czarnik.
17:59 of 1st period - Goal by Ryan Carpenter - Portland Pirates : 2 - Lowell Devils : 2.
18:00 of 1st period - Greg Carey wins face-off versus Austin Czarnik in neutral zone.
18:25 of 1st period - Joakim Ryan is hit by Brendan Ranford and loses puck.
18:31 of 1st period - Off-side.
18:32 of 1st period - Andrew Poturalski wins face-off versus Jack Roslovic in neutral zone.
18:41 of 1st period - Snap shot by Nick Baptiste.
18:41 of 1st period - Stopped by Pheonix Copley with a rebound.
19:23 of 1st period - Snap shot by Andrew Mangiapane.
19:23 of 1st period - Shot Blocked by Joakim Ryan.
19:25 of 1st period - Slapshot by Andrew Mangiapane.
19:25 of 1st period - Stopped by Pheonix Copley with a rebound.
19:27 of 1st period - Wrist shot by A.J. Greer.
19:27 of 1st period - Stopped by Pheonix Copley with a rebound.
19:29 of 1st period - Snap shot by Andrew Mangiapane.
19:29 of 1st period - Stopped by Pheonix Copley with a rebound.
19:41 of 1st period - Slapshot by Joakim Ryan.
19:41 of 1st period - Stopped by Reto Berra with a rebound.
19:59 of 1st period - Off-side.
Goals for this period are 2 for Portland Pirates vs 2 for Lowell Devils.
Shots for this period are 13 for Portland Pirates vs 20 for Lowell Devils.

2nd period


0:01 of 2nd period - Austin Czarnik wins face-off versus Greg Carey in neutral zone.
0:16 of 2nd period - Wrist shot by Austin Czarnik.
0:16 of 2nd period - Stopped by Pheonix Copley with a rebound.
1:34 of 2nd period - Ville Pokka is hit by Daniel O'Regan and loses puck.
2:10 of 2nd period - Andrew Poturalski is hit by Mike Amadio and loses puck.
2:39 of 2nd period - Joakim Ryan is hit by Andrew Welinski and loses puck.
3:00 of 2nd period - Snap shot by Daniel O'Regan.
3:00 of 2nd period - Shot Misses the Net.
3:41 of 2nd period - Icing by Brendan Ranford.
3:42 of 2nd period - Andrew Poturalski wins face-off versus Greg Carey in Lowell Devils zone.
3:47 of 2nd period - Wrist shot by John Quenneville.
3:47 of 2nd period - Stopped by Reto Berra with a rebound.
3:49 of 2nd period - Wrist shot by John Quenneville.
3:49 of 2nd period - Deflect By Brendan Ranford.
3:49 of 2nd period - Shot Misses the Net.
3:49 of 2nd period - Puck is out of play.
3:50 of 2nd period - Austin Czarnik wins face-off versus Greg Carey in Lowell Devils zone.
3:57 of 2nd period - Snap shot by John Quenneville.
3:57 of 2nd period - Shot Blocked by MacKenzie Weegar.
4:41 of 2nd period - Wrist shot by Mike Amadio.
4:41 of 2nd period - Stopped by Reto Berra with a rebound.
4:43 of 2nd period - Wrist shot by Mike Amadio.
4:43 of 2nd period - Stopped by Reto Berra with a rebound.
5:21 of 2nd period - Tyler Gaudet is hit by Ville Pokka.
5:49 of 2nd period - Jack Dougherty is hit by Justin Falk.
6:11 of 2nd period - Andrew Poturalski is hit by Greg Carey and loses puck.
6:28 of 2nd period - Off-side.
6:29 of 2nd period - Mike Amadio wins face-off versus Austin Czarnik in neutral zone.
6:36 of 2nd period - Wrist shot by Austin Czarnik.
6:36 of 2nd period - Stopped by Pheonix Copley with a rebound.
6:38 of 2nd period - Snap shot by Daniel O'Regan.
6:38 of 2nd period - Shot Blocked by Jake Virtanen.
6:44 of 2nd period - Backhand shot by Austin Czarnik.
6:44 of 2nd period - Shot Misses the Net.
7:29 of 2nd period - Gavin Bayreuther is hit by Justin Falk and loses puck.
7:39 of 2nd period - Icing by Justin Bailey.
7:40 of 2nd period - Austin Czarnik wins face-off versus Jack Roslovic in Portland Pirates zone.
8:07 of 2nd period - Snap shot by Andrew Poturalski.
8:07 of 2nd period - Stopped by Pheonix Copley with a rebound.
8:14 of 2nd period - Wrist shot by John Quenneville.
8:14 of 2nd period - Shot Blocked by Jack Dougherty.
9:08 of 2nd period - Off-side.
9:09 of 2nd period - Greg Carey wins face-off versus Austin Czarnik in neutral zone.
9:16 of 2nd period - Slapshot by Austin Czarnik.
9:16 of 2nd period - Shot Misses the Net.
9:45 of 2nd period - Wrist shot by Justin Bailey.
9:45 of 2nd period - Stopped by Reto Berra without a rebound.
9:46 of 2nd period - Ryan Carpenter wins face-off versus Austin Czarnik in Lowell Devils zone.
9:52 of 2nd period - Icing by Daniel O'Regan.
9:53 of 2nd period - Ryan Carpenter wins face-off versus Austin Czarnik in Lowell Devils zone.
10:03 of 2nd period - Off-side.
10:04 of 2nd period - John Quenneville wins face-off versus Daniel O'Regan in neutral zone.
10:17 of 2nd period - Snap shot by Austin Czarnik.
10:17 of 2nd period - Shot Misses the Net.
10:19 of 2nd period - Slapshot by MacKenzie Weegar.
10:19 of 2nd period - Shot Blocked by Joakim Ryan.
10:31 of 2nd period - Andrew Mangiapane is hit by Justin Falk and loses puck.
11:00 of 2nd period - Slapshot by Jake Virtanen.
11:00 of 2nd period - Shot Blocked by Brendan Ranford.
11:53 of 2nd period - Trevor Smith is hit by Ville Pokka and loses puck.
12:02 of 2nd period - Slapshot by Nolan Zajac.
12:02 of 2nd period - Shot Blocked by Kyle Wood.
12:12 of 2nd period - Snap shot by Jake Virtanen.
12:12 of 2nd period - Stopped by Reto Berra with a rebound.
12:34 of 2nd period - Kyle Wood is hit by Tyler Gaudet and loses puck.
13:04 of 2nd period - Justin Falk is hit by Andrew Mangiapane and loses puck.
13:26 of 2nd period - David Warsofsky is hit by Daniel O'Regan and loses puck.
13:37 of 2nd period - Wrist shot by Brendan Ranford.
13:37 of 2nd period - Stopped by Pheonix Copley with a rebound.
13:39 of 2nd period - Slapshot by Andrew Poturalski.
13:39 of 2nd period - Stopped by Pheonix Copley without a rebound.
13:40 of 2nd period - Mike Amadio wins face-off versus Andrew Poturalski in Portland Pirates zone.
13:45 of 2nd period - Wrist shot by Andrew Poturalski.
13:45 of 2nd period - Shot Misses the Net.
13:51 of 2nd period - Gavin Bayreuther is hit by Jake Virtanen and loses puck.
14:15 of 2nd period - Andrew Poturalski is hit by Mike Amadio and loses puck.
14:32 of 2nd period - Snap shot by Jake Virtanen.
14:32 of 2nd period - Stopped by Reto Berra without a rebound.
14:33 of 2nd period - Greg Carey wins face-off versus Austin Czarnik in Lowell Devils zone.
14:34 of 2nd period - Slapshot by John Quenneville.
14:34 of 2nd period - Shot Misses the Net.
14:36 of 2nd period - Wrist shot by John Quenneville.
14:36 of 2nd period - Stopped by Reto Berra without a rebound.
14:37 of 2nd period - Greg Carey wins face-off versus Austin Czarnik in Lowell Devils zone.
14:38 of 2nd period - Snap shot by John Quenneville.
14:38 of 2nd period - Deflect By Ryan Carpenter.
14:38 of 2nd period - Stopped by Reto Berra with a rebound.
14:40 of 2nd period - Slapshot by Justin Falk.
14:40 of 2nd period - Stopped by Reto Berra with a rebound.
14:42 of 2nd period - Slapshot by Ryan Carpenter.
14:42 of 2nd period - Shot Misses the Net.
14:44 of 2nd period - Backhand shot by Greg Carey.
14:44 of 2nd period - Stopped by Reto Berra without a rebound.
14:45 of 2nd period - Austin Czarnik wins face-off versus Greg Carey in Lowell Devils zone.
15:41 of 2nd period - Wrist shot by Trevor Smith.
15:41 of 2nd period - Deflect By Blake Pietila.
15:41 of 2nd period - Shot Blocked by Justin Falk.
15:41 of 2nd period - Puck is out of play.
15:42 of 2nd period - Jack Roslovic wins face-off versus Austin Czarnik in Portland Pirates zone.
15:42 of 2nd period - Jack Roslovic is hit by Daniel O'Regan.
15:47 of 2nd period - Icing by Blake Pietila.
15:48 of 2nd period - Jack Roslovic wins face-off versus Austin Czarnik in Portland Pirates zone.
16:20 of 2nd period - Wrist shot by Andrew Poturalski.
16:20 of 2nd period - Deflect By Brendan Ranford.
16:20 of 2nd period - Goal by Brendan Ranford - Portland Pirates : 2 - Lowell Devils : 3.
16:21 of 2nd period - Greg Carey wins face-off versus Austin Czarnik in neutral zone.
16:34 of 2nd period - Wrist shot by Ryan Carpenter.
16:34 of 2nd period - Stopped by Reto Berra with a rebound.
16:55 of 2nd period - Snap shot by Trevor Smith.
16:55 of 2nd period - Shot Misses the Net.
16:57 of 2nd period - Slapshot by Jack Dougherty.
16:57 of 2nd period - Deflect By Andrew Mangiapane.
16:57 of 2nd period - Goal by Andrew Mangiapane - Portland Pirates : 2 - Lowell Devils : 4.
16:58 of 2nd period - Greg Carey wins face-off versus Austin Czarnik in neutral zone.
17:03 of 2nd period - Slapshot by Justin Falk.
17:03 of 2nd period - Stopped by Reto Berra with a rebound.
17:05 of 2nd period - Slapshot by Joakim Ryan.
17:05 of 2nd period - Goal by Joakim Ryan - Portland Pirates : 3 - Lowell Devils : 4.
17:06 of 2nd period - Austin Czarnik wins face-off versus Greg Carey in neutral zone.
17:09 of 2nd period - Slapshot by MacKenzie Weegar.
17:09 of 2nd period - Stopped by Pheonix Copley without a rebound.
17:10 of 2nd period - Chris Conner wins face-off versus Greg Carey in Portland Pirates zone.
17:11 of 2nd period - Snap shot by Austin Czarnik.
17:11 of 2nd period - Stopped by Pheonix Copley without a rebound.
17:12 of 2nd period - Greg Carey wins face-off versus Austin Czarnik in Portland Pirates zone.
17:12 of 2nd period - Greg Carey is hit by Austin Czarnik.
17:49 of 2nd period - Off-side.
17:50 of 2nd period - Jack Roslovic wins face-off versus Trevor Smith in neutral zone.
18:16 of 2nd period - Ville Pokka is hit by Andrew Welinski and loses puck.
18:25 of 2nd period - Snap shot by Kyle Baun.
18:25 of 2nd period - Shot Misses the Net.
18:50 of 2nd period - Snap shot by Nick Baptiste.
18:50 of 2nd period - Deflect By Andrew Poturalski.
18:50 of 2nd period - Shot Blocked by Jake Virtanen.
18:50 of 2nd period - Puck is out of play.
18:51 of 2nd period - Austin Czarnik wins face-off versus Greg Carey in Portland Pirates zone.
19:16 of 2nd period - Greg Carey is hit by Roland McKeown and loses puck.
19:57 of 2nd period - Minor Penalty to Justin Falk for Roughing.
19:58 of 2nd period - Austin Czarnik wins face-off versus John Quenneville in Portland Pirates zone.
Goals for this period are 1 for Portland Pirates vs 2 for Lowell Devils.
Shots for this period are 13 for Portland Pirates vs 9 for Lowell Devils.

3rd period


0:01 of 3rd period - Austin Czarnik wins face-off versus John Quenneville in neutral zone.
0:25 of 3rd period - Oliver Kylington is hit by Andrew Welinski and loses puck.
1:50 of 3rd period - MacKenzie Weegar is hit by Joakim Ryan and loses puck.
1:57 of 3rd period - Penalty to Justin Falk is over, Justin Falk is back on ice.
2:09 of 3rd period - MacKenzie Weegar is hit by David Warsofsky and loses puck.
2:30 of 3rd period - Nolan Zajac is hit by Kyle Baun and loses puck.
3:17 of 3rd period - Ryan Carpenter is hit by Tyler Gaudet and loses puck.
3:48 of 3rd period - Radel Fazleev is hit by Jack Dougherty and loses puck.
4:23 of 3rd period - Icing by Jack Dougherty.
4:24 of 3rd period - Trevor Smith wins face-off versus Greg Carey in Lowell Devils zone.
4:58 of 3rd period - Gavin Bayreuther is hit by Mike Amadio and loses puck.
5:33 of 3rd period - David Warsofsky is hit by Tyler Gaudet and loses puck.
5:52 of 3rd period - Justin Bailey is hit by Andrew Welinski and loses puck.
6:01 of 3rd period - Jack Roslovic is hit by Nick Baptiste and loses puck.
6:10 of 3rd period - Backhand shot by Justin Bailey.
6:10 of 3rd period - Shot Misses the Net.
6:12 of 3rd period - Snap shot by Jack Roslovic.
6:12 of 3rd period - Stopped by Reto Berra with a rebound.
6:14 of 3rd period - Snap shot by Joakim Ryan.
6:14 of 3rd period - Deflect By Jack Roslovic.
6:14 of 3rd period - Shot Misses the Net.
6:14 of 3rd period - Puck is out of play.
6:15 of 3rd period - Greg Carey wins face-off versus Austin Czarnik in Lowell Devils zone.
6:16 of 3rd period - Wrist shot by John Quenneville.
6:16 of 3rd period - Shot Blocked by Chris Conner.
6:24 of 3rd period - Wrist shot by Ryan Carpenter.
6:24 of 3rd period - Goal by Ryan Carpenter - Portland Pirates : 4 - Lowell Devils : 4.
6:25 of 3rd period - Austin Czarnik wins face-off versus Greg Carey in neutral zone.
6:28 of 3rd period - Ville Pokka is hit by Austin Czarnik and loses puck.
6:41 of 3rd period - Slapshot by Ville Pokka.
6:41 of 3rd period - Shot Misses the Net.
7:38 of 3rd period - Justin Bailey is hit by Sam Anas.
7:58 of 3rd period - Andrew Welinski is hit by David Warsofsky.
8:19 of 3rd period - Snap shot by Austin Czarnik.
8:19 of 3rd period - Shot Misses the Net.
8:21 of 3rd period - Snap shot by Roland McKeown.
8:21 of 3rd period - Stopped by Pheonix Copley without a rebound.
8:22 of 3rd period - Greg Carey wins face-off versus Austin Czarnik in Portland Pirates zone.
8:28 of 3rd period - Off-side.
8:29 of 3rd period - Greg Carey wins face-off versus Austin Czarnik in neutral zone.
8:32 of 3rd period - MacKenzie Weegar is hit by John Quenneville and loses puck.
9:19 of 3rd period - Slapshot by Andrew Poturalski.
9:19 of 3rd period - Shot Misses the Net.
9:21 of 3rd period - Snap shot by Andrew Poturalski.
9:21 of 3rd period - Shot Misses the Net.
9:23 of 3rd period - Slapshot by Andrew Poturalski.
9:23 of 3rd period - Shot Misses the Net.
9:57 of 3rd period - Greg Carey is hit by Chris Conner and loses puck.
10:26 of 3rd period - Slapshot by Kyle Wood.
10:26 of 3rd period - Shot Misses the Net.
10:51 of 3rd period - Nick Baptiste is hit by Mike Amadio and loses puck.
10:55 of 3rd period - Icing by Nick Baptiste.
10:56 of 3rd period - Andrew Poturalski wins face-off versus Greg Carey in Lowell Devils zone.
10:56 of 3rd period - Andrew Poturalski is hit by Joakim Ryan.
11:23 of 3rd period - Snap shot by Daniel O'Regan.
11:23 of 3rd period - Shot Misses the Net.
11:25 of 3rd period - Slapshot by Nolan Zajac.
11:25 of 3rd period - Stopped by Pheonix Copley with a rebound.
11:27 of 3rd period - Wrist shot by Austin Czarnik.
11:27 of 3rd period - Shot Misses the Net.
11:29 of 3rd period - Wrist shot by Austin Czarnik.
11:29 of 3rd period - Deflect By Chris Conner.
11:29 of 3rd period - Shot Misses the Net.
11:29 of 3rd period - Puck is out of play.
11:30 of 3rd period - Greg Carey wins face-off versus Trevor Smith in Portland Pirates zone.
11:46 of 3rd period - Minor Penalty to A.J. Greer for Tripping.
11:47 of 3rd period - Chris Conner wins face-off versus Ryan Carpenter in Lowell Devils zone.
12:42 of 3rd period - John Quenneville is hit by Austin Czarnik.
13:46 of 3rd period - Penalty to A.J. Greer is over, A.J. Greer is back on ice.
13:54 of 3rd period - Vaclav Karabacek is hit by MacKenzie Weegar and loses puck.
14:07 of 3rd period - Wrist shot by Trevor Moore.
14:07 of 3rd period - Shot Misses the Net.
14:18 of 3rd period - Off-side.
14:19 of 3rd period - Nick Baptiste wins face-off versus Jake Virtanen in neutral zone.
14:34 of 3rd period - Brendan Ranford is hit by Jake Virtanen and loses puck.
14:45 of 3rd period - Jake Virtanen is hit by Gavin Bayreuther.
14:54 of 3rd period - Slapshot by Nick Baptiste.
14:54 of 3rd period - Shot Misses the Net.
14:56 of 3rd period - Slapshot by Nick Baptiste.
14:56 of 3rd period - Shot Misses the Net.
14:58 of 3rd period - Wrist shot by Nick Baptiste.
14:58 of 3rd period - Goal by Nick Baptiste - Portland Pirates : 4 - Lowell Devils : 5.
14:59 of 3rd period - Greg Carey wins face-off versus Austin Czarnik in neutral zone.
14:59 of 3rd period - Greg Carey is hit by Daniel O'Regan.
15:05 of 3rd period - Snap shot by John Quenneville.
15:05 of 3rd period - Shot Blocked by MacKenzie Weegar.
15:07 of 3rd period - Snap shot by Greg Carey.
15:07 of 3rd period - Deflect By Ryan Carpenter.
15:07 of 3rd period - Shot Blocked by Jack Dougherty.
15:07 of 3rd period - Puck is out of play.
15:08 of 3rd period - Austin Czarnik wins face-off versus Greg Carey in Lowell Devils zone.
15:10 of 3rd period - Minor Penalty to MacKenzie Weegar for Delaying the game.
15:11 of 3rd period - Chris Conner wins face-off versus Greg Carey in Lowell Devils zone.
15:27 of 3rd period - Backhand shot by Joakim Ryan.
15:27 of 3rd period - Stopped by Reto Berra with a rebound.
16:00 of 3rd period - Off-side.
16:01 of 3rd period - Chris Conner wins face-off versus Jack Roslovic in neutral zone.
16:26 of 3rd period - Chris Conner is hit by Kyle Wood and loses puck.
17:10 of 3rd period - Penalty to MacKenzie Weegar is over, MacKenzie Weegar is back on ice.
17:40 of 3rd period - Wrist shot by Trevor Smith.
17:40 of 3rd period - Shot Misses the Net.
17:42 of 3rd period - Snap shot by A.J. Greer.
17:42 of 3rd period - Shot Misses the Net.
19:24 of 3rd period - Wrist shot by Andrew Poturalski.
19:24 of 3rd period - Shot Misses the Net.
19:26 of 3rd period - Wrist shot by Austin Czarnik.
19:26 of 3rd period - Shot Misses the Net.
19:28 of 3rd period - Slapshot by Andrew Welinski.
19:28 of 3rd period - Deflect By Austin Czarnik.
19:28 of 3rd period - Shot Blocked by Justin Falk.
19:28 of 3rd period - Puck is out of play.
19:29 of 3rd period - Glen Gulutzan call a timeout for Portland Pirates.
19:29 of 3rd period - Greg Carey wins face-off versus Austin Czarnik in Portland Pirates zone.
19:34 of 3rd period - Portland Pirates, Pheonix Copley is pulled from the net.
19:46 of 3rd period - Wrist shot by Ryan Carpenter.
19:46 of 3rd period - Shot Blocked by Austin Czarnik.
19:48 of 3rd period - Snap shot by Greg Carey.
19:48 of 3rd period - Shot Blocked by Andrew Poturalski.
19:50 of 3rd period - Wrist shot by Joakim Ryan.
19:50 of 3rd period - Shot Misses the Net.
19:52 of 3rd period - Snap shot by Greg Carey.
19:52 of 3rd period - Stopped by Reto Berra without a rebound.
19:53 of 3rd period - Austin Czarnik wins face-off versus Greg Carey in Lowell Devils zone.
Goals for this period are 1 for Portland Pirates vs 1 for Lowell Devils.
Shots for this period are 4 for Portland Pirates vs 3 for Lowell Devils.